 Dungeon Crawl Stone Soup version 0.18.1-48-g4cf74bf (webtiles) character file.

43 Joat the Poker (level 3, 2/45 HPs)
             Began as a Centaur Gladiator on Sept 4, 2016.
             Quit the game on level 1 of the Dungeon.
             The game lasted 00:04:30 (1157 turns).

Joat the Poker (Centaur Gladiator)                  Turns: 1157, Time: 00:04:31

Health: 2/45       AC: 21    Str: 18    XL:     3   Next: 37%
Magic:  3/3        EV:  1    Int:  7    God:
Gold:   52         SH:  0    Dex:  9    Spells: 0 memorised, 2 levels left

rFire  . . .     SeeInvis .     a - +0 trident
rCold  . . .     Gourm    .     (armour currently unavailable)
rNeg   + + +     Faith    .     (no shield)
rPois  +         Spirit   .     (helmet currently unavailable)
rElec  .         Dismiss  .     (cloak currently unavailable)
rCorr  .         Reflect  .     (gloves currently unavailable)
SustAt .         Harm     .     (no barding)
MR     .....     NoTele   +     (no amulet)
Stlth  +.........               (no ring)
                                (no ring)

@: lethally poisoned (2 -> 0), tree-form (expiring), not resistant to hostile
enchantments, very unstealthy
A: (hooves 0), (deformed body), (speed 0), mutation resistance 1, (tough skin 0)
a: no special abilities


You were on level 1 of the Dungeon.
You were not hungry.
You were a tree.
You visited 1 branch of the dungeon, and saw 2 of its levels.

You collected 52 gold pieces.

Inventory:

Hand Weapons
 a - a +0 trident (weapon)
Missiles
 d - 3 throwing nets (quivered)
Armour
 b - a +0 leather armour (melded)
 c - a +0 helmet (melded)
Scrolls
 h - a scroll of identify
 i - a scroll of enchant armour {unknown}
 j - a scroll of teleportation {unknown}
 l - a scroll of immolation {unknown}
 o - a scroll of remove curse
Potions
 e - a potion of flight
 g - a potion of lignification
Comestibles
 f - a bread ration
 m - a beef jerky


   Skills:
 + Level 2.4 Fighting
 * Level 3.3 Polearms
 - Level 2.1 Throwing
 + Level 1.1 Armour
 - Level 2.1 Dodging


You had 2 spell levels left.
You didn't know any spells.

Dungeon Overview and Level Annotations

Branches:
Dungeon (2/15)

Altars:

Annotations:
D:2 Terence


Innate Abilities, Weirdness & Mutations

((You have hooves in place of feet.))
((Armour fits poorly on your strangely shaped body.))
((You cover ground very quickly.))
((You have extremely tough skin (AC +3).))
You are somewhat resistant to further mutation.


Message History

It was a potion of lignification.
You turn into a tree.
Your +0 helmet melds into your body.
Your +0 leather armour melds into your body.
Your roots penetrate the ground.
The adder bites you but does no damage.
You hit the adder but do no damage.
You feel sick. The adder bites you but does no damage.
You barely miss the adder. The adder barely misses you.
The adder bites you but does no damage.
You closely miss the adder. The adder bites you but does no damage.
You miss the adder.
You feel sick.
The adder bites you but does no damage. x2
You miss the adder. The adder bites you.
* * * LOW HITPOINT WARNING * * *
Drink which item? (? for menu, Esc to quit)
It was a potion of flight.
Your roots keep you in place.
The adder bites you but does no damage.
Drink which item? (? for menu, Esc to quit)
It was a potion of cancellation.
Your magical effects are unravelling.
You feel magically purged.
The adder bites you but does no damage. x2
Are you sure you want to abandon this character and quit the game? (Confirm with "yes".)

#..##.#
#.....)...##.#
......#
#.........##.#
...####
#.........##.#
..###
#.........##.#
....#
##.........##.#
..#.#
#....>.g.>.##.#
..#.#
#.####........#
..#.#
#.#######S#####
#.#.#
#.#.....♣.#
#.#.#
#.#.#######
#.#.#####.#(#
............#
#.#.#####.###
#.#.# #..#
#.#.####.##
#.#....#.#
#.####.#.#


You could see an adder.

Vanquished Creatures
  An ooze (D:1)
  A worm (D:2)
  3 dart slugs
  A giant gecko (D:1)
  2 giant cockroaches (D:1)
  3 goblins
  3 hobgoblins
  5 kobolds (D:1)
  4 bats
  2 giant newts (D:1)
  4 rats (D:1)
29 creatures vanquished.

Notes
Turn   | Place    | Note
--------------------------------------------------------------
     0 | D:1      | Joat the Centaur Gladiator began the quest for the Orb.
     0 | D:1      | Reached XP level 1. HP: 17/17 MP: 1/1
   210 | D:1      | Reached XP level 2. HP: 17/24 MP: 2/2
   219 | D:1      | Reached skill level 3 in Polearms
   309 | D:1      | Gained mutation: You are somewhat resistant to further mutation. [potion of beneficial mutation]
   570 | D:1      | Reached XP level 3. HP: 27/30 MP: 3/3
   656 | D:1      | Reached skill level 1 in Armour
   858 | D:2      | Noticed Terence
  1154 | D:1      | HP: 2/45 [adder (3)]
  1157 | D:1      | Quit the game

Skill      XL: |  1  2  3 |
---------------+----------+-----
Polearms       | 3 |  3.3
Armour         | 1 |  1.1
Fighting       | |  2.4
Throwing       | |  2.1
Dodging        | |  2.1

Action                   || total
-------------------------++-------
Melee: Trident           ||   101
       Kick              ||    11
  Use: Scroll            ||     2
       Potion            ||     4
Armor: Leather armour    ||    46
       Skin              ||     9
Dodge: Dodged            ||    50
Block: Large shield      ||     1
